 Dungeon Crawl Stone Soup version 0.29.1-13-g9f3cf754e1 (webtiles) character file.

Game seed: 11097166478970219759

35 devnull the Grave Robber (level 3, 0/24 HPs)
             Began as a Demonspawn Necromancer on Jan 28, 2023.
             Killed by nerve-wracking pain
             ... invoked by an orc priest
              (3 damage)
             ... on level 3 of the Dungeon.
             The game lasted 00:02:57 (1412 turns).

devnull the Grave Robber (Demonspawn Necromancer)   Turns: 1412, Time: 00:02:57

Health: 0/24       AC:  5    Str:  8    XL:     3   Next: 16%
Magic:  2/6        EV: 10    Int: 18    God:
Gold:   58         SH:  0    Dex: 13    Spells: 5/6 levels left

rFire   . . .      SeeInvis .   g - +0 dagger
rCold   . . .      Faith    .   (no shield)
rNeg    . . .      Spirit   .   e - +0 ring mail
rPois   .          Reflect  .   (no helmet)
rElec   .          Harm     .   (no cloak)
rCorr   .          Rampage  .   (no gloves)
Will    .....                   (no boots)
Stlth   +.........              (no amulet)
HPRegen 0.08/turn               (no ring)
MPRegen 0.10/turn               (no ring)

@: weak-willed, flying
A: hooves 1
a: no special abilities


You were on level 3 of the Dungeon.
You visited 1 branch of the dungeon, and saw 3 of its levels.

You collected 58 gold pieces.

Inventory:

Hand Weapons
 g - a +0 dagger (weapon)
Armour
 a - a +0 robe
 e - a +0 ring mail (worn)
Scrolls
 c - a scroll of vulnerability
Potions
 b - a potion of magic
 h - a potion of mutation
 k - a potion of brilliance {unknown}
 l - a potion of heal wounds {unknown}
 m - a potion of attraction {unknown}


   Skills:
 - Level 1.7 Dodging
 - Level 1.7 Stealth
 - Level 2.0 Spellcasting
 + Level 5.6 Necromancy


You had 5 spell levels left.
You knew the following spells:

 Your Spells              Type           Power      Damage    Failure   Level
a - Necrotise             Necr           88%        1d8       5%          1

Your spell library contained the following spells:

 Spells                   Type           Power      Damage    Failure   Level
 Vampiric Draining        Necr           22%        2d7       17%         3
 Animate Dead             Necr           22%        N/A       50%         4
 Agony                    Necr           22%        N/A       83%         5


Dungeon Overview and Level Annotations

Branches:
Dungeon (2/15)

Altars:


Innate Abilities, Weirdness & Mutations

You have large cloven feet.


Message History

Really abort (and waste the scroll)?
Uppercase [Y]es or [N]o only, please.
Really abort (and waste the scroll)?
Okay, then.
The scorpion barely misses you.
Your kobold skeleton barely misses the scorpion.
As you read the scroll labelled QUHUVA PINIMN, it crumbles to dust.
It is a scroll of identify.
h - a potion of mutation The scorpion closely misses you.
The orc priest hits you with a +0 mace.
Aiming: Necrotise (safe; 5% risk of failure)
Press: ? - help, Q - select action Shift-Dir - straight line, f - scorpion
Aim: a scorpion (weak-willed, ally target, chance to affect: 86%)
Okay, then.
Unknown command.
Aiming: Necrotise (safe; 5% risk of failure)
Press: ? - help, Q - select action Shift-Dir - straight line, f - orc priest
Aim: an orc priest, wielding a +0 mace (weak-willed, chance to affect: 86%)
The orc priest writhes in agony!
The scorpion stings you.
Your kobold skeleton barely misses the scorpion.
The scorpion stings you.
* * * LOW HITPOINT WARNING * * *
The orc priest hits you but does no damage.
Unknown command.
Aiming: Necrotise (safe; 5% risk of failure)
Press: ? - help, Q - select action Shift-Dir - straight line, f/p - orc priest
Aim: an orc priest, wielding a +0 mace (heavily wounded, weak-willed, chance to affect: 86%)
The orc priest writhes in agony.
Your kobold skeleton hits the scorpion but does no damage.
The scorpion barely misses you.
The orc priest hits you but does no damage.
It was a potion of flight.
You feel very buoyant.
You fly up into the air.
The scorpion stings you.
* * * LOW HITPOINT WARNING * * *
Your kobold skeleton barely misses the scorpion.
The orc priest invokes the aid of Beogh against you.
Pain shoots through your body!
You die...

#...#******#.**#..###...,**,,,
#...# *.###....#...,,,,,,
#...# *,..#..(.....,,,,,,
#...##########..........,,***,
#.......................,,,,,*
#............)..........*,,,,,
#...###......Z..........,,,,,,
#...# #......s..........,,****
#...# #......@.........#*,,,,,
##### ########o........#****,,
#..........,,,***
###.........#**,,,,
*******#...........# **,,,
**,,,,,#............#****,,
**,,,,S..............,,,,,,*
*,,,........!?......,,,*****
*,,,o...........##.#*,,,**


You could see a scorpion (weak-willed, ally target), an orc priest (weak-willed)
and a friendly kobold skeleton (weak-willed).

Vanquished Creatures
  An adder (D:2)
  A worm (D:2)
  2 endoplasms (D:1)
  3 goblins
  2 hobgoblins (D:1)
  2 kobolds
  A quokka (D:1)
  2 ball pythons
  5 bats
  A frilled lizard (D:2)
  A rat (D:1)
21 creatures vanquished.

Notes
Turn   | Place    | Note
-------+----------+-------------------------------------------
     0 | D:1      | devnull the Demonspawn Necromancer began the quest for the
                  | Orb.
     0 | D:1      | Reached XP level 1. HP: 13/13 MP: 3/3
   410 | D:1      | Gained mutation: You have large cloven feet. [demonic
                  | ancestry]
   410 | D:1      | Reached XP level 2. HP: 18/19 MP: 1/5
   498 | D:1      | Reached skill level 5 in Necromancy
  1196 | D:2      | Reached XP level 3. HP: 24/24 MP: 2/6
  1369 | D:2      | Identified the +2 leather armour of Sif Muna's Inspiration
                  | {rElec Dex+4}
  1370 | D:2      | You fall into a shaft and drop 1 floor!
  1394 | D:3      | Noticed a scorpion
  1412 | D:3      | Killed from afar by an orc priest

Illustrated notes

Levels and vault maps discovered:
D:1:      lemuel_arrival_broad_hall, layout_loops_ring,
          hangedman_decor_slide_cut
D:2:      layout_loops_ring, hellmonk_ecumenical_altar_defaced_shrine,
          minmay_joined_circles
D:3:      layout_rooms

Skill      XL: |  1  2 |
---------------+-------+-----
Necromancy     | 5 |  5.6
Dodging        | |  1.7
Stealth        | |  1.7
Spellcasting   | |  2.0

Action                   || total
-------------------------++-------
Melee: Dagger            ||    11
       Kick              ||     2
 Cast: Necrotise         ||    36
  Use: Scroll            ||     4
       Potion            ||     1
Armor: Ring mail         ||     8
Dodge: Dodged            ||    15
